 Dungeon Crawl Stone Soup version 0.29.1-2-gbd0b4ee654 (webtiles) character file.

Game seed: 12803497701522610171

4 H0rd4k the Charlatan (level 1, 0/13 HPs)
             Began as an Octopode Artificer on Nov 18, 2022.
             Slain by a jackal (3 damage)
             ... on level 1 of the Dungeon.
             The game lasted 00:00:17 (109 turns).

H0rd4k the Charlatan (Octopode Artificer)            Turns: 109, Time: 00:00:18

Health: 0/13       AC:  1    Str: 11    XL:     1   Next: 70%
Magic:  1/1        EV: 13    Int: 13    God:
Gold:   0          SH:  0    Dex: 12    Spells: 1/1 levels left

rFire   . . .      SeeInvis .   a - +0 club
rCold   . . .      Faith    .   (no shield)
rNeg    . . .      Spirit   .   e - +0 hat
rPois   .          Reflect  .   (no amulet)
rElec   .          Harm     .   (no ring)
rCorr   .          Rampage  .   (no ring)
Will    .....                   (no ring)
Stlth   +++.......              (no ring)
HPRegen 0.04/turn               (no ring)
MPRegen 0.07/turn               (no ring)
                                (no ring)
                                (no ring)

@: no status effects
A: almost no armour, amphibious, 8 rings, camouflage 1, gelatinous body 1,
(nimble swimmer 1), tentacles
a: no special abilities


You were on level 1 of the Dungeon.
You visited 1 branch of the dungeon, and saw 1 of its levels.

Inventory:

Hand Weapons
 a - a +0 club (weapon)
Armour
 e - a +0 hat (worn)
Wands
 b - a wand of flame (15) (quivered)
 c - a wand of charming (15)
 d - a wand of iceblast (5)
Potions
 f - a potion of mutation {unknown}
 g - a potion of heal wounds {unknown}


   Skills:
 * Level 1.3 Fighting
 - Level 2.3 Dodging
 - Level 1.3 Stealth
 * Level 0.5 Spellcasting
 - Level 3.2 Evocations


You had one spell level left.
You didn't know any spells.
Your spell library contained the following spells:

 Spells                   Type           Power      Damage    Failure   Level
 Cause Fear               Hex            0%         N/A       96%         4
 Dragon Form              Tmut           0%         N/A       100%        7
 Dragon's Call            Summ           0%         N/A       100%        9


Dungeon Overview and Level Annotations

Branches:
Dungeon (1/15)

Altars:


Innate Abilities, Weirdness & Mutations

You cannot wear most types of armour.
You are amphibious.
You can wear up to eight rings at the same time.
Your skin changes colour to match your surroundings (Stealth+).
Your rubbery body absorbs attacks. (AC +1, EV +1)
((You are camouflaged when in or above water. (Stealth+)))
You have tentacles for arms and can constrict up to eight enemies at once.


Message History

Found a stone staircase leading down.
No target in view!
There is a stone staircase leading down here.
There is a stone staircase leading down here.
Key pressed, stopping explore.
No target in view!
A bat comes into view.
You see here a book of the Dragon.
The bat barely misses you.
A bat is nearby!
You closely miss the bat. Your grab misses the bat. You squeeze the bat.
You kill the bat!
No target in view!
You pick up a book of the Dragon and begin reading...
You add the spells Cause Fear, Dragon Form and Dragon's Call to your library.
No target in view! 3 jackals come into view.
A jackal comes into view.
The jackal barks! x2; You hear a shout!
A hobgoblin comes into view.
The jackal barely misses you. x2
You hit the jackal but do no damage. Your grab misses the jackal.
Your squeeze misses the jackal. The jackal misses you.
A dart slug comes into view.
You hit the jackal but do no damage. Your grab misses the jackal.
The jackal bites you. x2
You closely miss the jackal. Your grab misses the jackal.
Your squeeze misses the jackal. The jackal barely misses you.
The jackal bites you.
You closely miss the jackal. You grab the jackal. You constrict the jackal.
The jackal bites you. The jackal barely misses you.
You hit the jackal. You squeeze the jackal.
You kill the jackal!
You barely miss the jackal. You grab the jackal.
You constrict the jackal, but do no damage.
The jackal completely misses you. The jackal bites you.
* * * LOW HITPOINT WARNING * * *
You hit the jackal but do no damage. You constrict the jackal.
The jackal bites you.
You die...

≈≈≈#.# #.# ≈≈≈#.# #.#
###### ~≈≈#.###.####....#
# ~≈≈#.>.............#
~≈≈#.....####.##.#.
≈≈≈#..#.........$.
≈≈≈#..##.####.##.#
≈≈≈#...#.####.##.#
≈≈≈#...#........@#######.
≈≈≈#...######.###hh......
≈≈≈#.....)..#.# #hg......
≈≈≈#.######.#†# #..w....#
~≈≈#........#.# #.......#
~≈≈#####...##.. .........
~≈≈# ###...##.. #.......#
~~≈# #...[)##...#.......#
...# #.....##...........#


You could see a dart slug, 3 jackals and a hobgoblin.

Vanquished Creatures
  A bat (D:1)
  A goblin (D:1)
  A jackal (D:1)
  A rat (D:1)
4 creatures vanquished.

Notes
Turn   | Place    | Note
-------+----------+-------------------------------------------
     0 | D:1      | H0rd4k the Octopode Artificer began the quest for the Orb.
     0 | D:1      | Reached XP level 1. HP: 13/13 MP: 1/1
   109 | D:1      | Slain by a jackal

Illustrated notes

Levels and vault maps discovered:
D:1:      zaba_arrival_water, layout_basic

Action                   || total
-------------------------++-------
Melee: Club              ||    12
       Constrict         ||     2
       Tentacles         ||     2
 Stab: Sleeping          ||     1
Dodge: Dodged            ||    10
